 Dungeon Crawl Stone Soup version 0.31.0-2-g5a2aebc5c2 (webtiles) character file.

Game seed: 17023952979906632698

1719759 lugworm the Conqueror (level 25, 253/253 (257) HPs)
             Began as a Minotaur Berserker on Jan 20, 2024.
             Was a High Priest of Trog.
             Escaped with the Orb
             ... and 3 runes on Jan 21, 2024!
             The game lasted 01:41:36 (62844 turns).

lugworm the Conqueror (Minotaur Berserker)         Turns: 62844, Time: 01:41:37

HP:   253/253 (257) AC: 40    Str: 42    XL:     25   Next: 45%
MP:   22/22         EV: 23    Int: 10    God:    Trog [*****.]
Gold: 2326          SH:  0    Dex: 17    Spells: 24/24 levels left

rFire   + + .        b - +9 battleaxe (vamp)
rCold   + . .        (shield currently unavailable)
rNeg    . . .        C - +4 crystal plate armour
rPois   +            Y - +0 hat "Zytafig" {rPois rCorr Int+6 Slay+3}
rElec   .            y - +1 cloak
rCorr   +            o - +3 pair of gauntlets of War {Slay+5}
SInv    .            p - +2 pair of boots of the Gate {rC- Regen+ Str+3 Dex+4}
Will    +....        N - amulet of Degoedusm {RegenMP rF++ Str+6 Dex+2} Stlth
                     k - ring of protection from cold
HPRegen 1.42/turn    T - ring of protection from cold
MPRegen 0.58/turn

%: no passive effects
@: lightly drained
A: horns 2, retaliatory headbutt, deformed body, subdued magic 1, persistent
drain
0: Orb of Zot
}: 3/15 runes: decaying, serpentine, silver
a: Renounce Religion, Berserk, Trog's Hand, Brothers in Arms


You escaped.
You worshipped Trog.
Trog was extremely pleased with you.
You visited 8 branches of the dungeon, and saw 44 of its levels.
You also visited: Sewer.

You collected 7085 gold pieces.
You spent 4759 gold pieces at shops.

Inventory:

Hand Weapons
 b - a +9 vampiric battleaxe (weapon)
 c - a +5 antimagic executioner's axe
 K - a +4 battleaxe of freezing
Missiles
 B - 36 boomerangs (quivered)
Armour
 o - the +3 pair of gauntlets of War (worn) {Slay+5}
   (You acquired it on level 3 of the Snake Pit)

   Slay+5:    It affects your accuracy & damage with ranged weapons and melee
   (+5).
 p - the +2 pair of boots of the Gate (worn) {rC- Regen+ Str+3 Dex+4}
   (You bought it in a shop on level 1 of the Snake Pit)

   Str+3:     It affects your strength (+3).
   Dex+4:     It affects your dexterity (+4).
   rC-:       It makes you vulnerable to cold.
   Regen+:    It increases your rate of health regeneration.
 y - a +1 cloak (worn)
 C - a +4 crystal plate armour (worn)
 Y - the +0 hat "Zytafig" (worn) {rPois rCorr Int+6 Slay+3}
   (You found it on level 4 of the Vaults)

   Int+6:     It affects your intelligence (+6).
   Slay+3:    It affects your accuracy & damage with ranged weapons and melee
   (+3).
   rPois:     It protects you from poison rCorr: It protects you from acid and
   corrosion.
Jewellery
 k - a ring of protection from cold (left hand)
 v - a ring of poison resistance
 w - a ring of positive energy
 E - an amulet of the acrobat
 F - a ring of willpower
 J - a ring of flight
 L - the ring of the Jolly Leylines {Fly Str+4}
   (You took it off a yaktaur captain on level 5 of the Vaults)

   [ring of flight]

   Str+4:     It affects your strength (+4).
   Fly:       It grants you flight.
 N - the amulet of Degoedusm (around neck) {RegenMP rF++ Str+6 Dex+2}
   (You found it on level 4 of the Vaults)

   [amulet of magic regeneration]

   RegenMP:   It increases your rate of magic regeneration.
   Str+6:     It affects your strength (+6).
   Dex+2:     It affects your dexterity (+2).
   rF++:      It greatly protects you from fire.
 O - a +6 ring of strength
 R - the ring "Huyg" {rElec rC- rCorr Int+6}
   (You bought it in a shop on level 3 of the Snake Pit)

   [ring of resist corrosion]

   Int+6:     It affects your intelligence (+6).
   rC-:       It makes you vulnerable to cold.
   rElec:     It insulates you from electricity.
   rCorr:     It protects you from acid and corrosion.
 T - a ring of protection from cold (right hand)
 V - the amulet of Desuhonou {RegenMP Will- rCorr MP+9 Int+5}
   (You found it on level 5 of the Lair of Beasts)

   [amulet of magic regeneration]

   RegenMP:   It increases your rate of magic regeneration.
   Int+5:     It affects your intelligence (+5).
   Will-:     It decreases your willpower.
   MP+9:      It affects your magic capacity (+9).
   rCorr:     It protects you from acid and corrosion.
Wands
 f - a wand of paralysis (26)
 r - a wand of flame (10)
 D - a wand of polymorph (15)
 Q - a wand of acid (24)
 S - a wand of digging (8)
 U - a wand of mindburst (17)
 W - a wand of roots (6)
Scrolls
 d - a scroll of brand weapon
 e - 7 scrolls of fear
 h - 3 scrolls of blinking
 j - 10 scrolls of poison
 m - a scroll of summoning
 n - a scroll of enchant armour
 u - a scroll of vulnerability
 x - 25 scrolls of identify
 A - 9 scrolls of fog
 I - 8 scrolls of teleportation
 P - a scroll of revelation
Potions
 g - a potion of berserk rage
 l - a potion of resistance
 q - 6 potions of mutation
 s - 4 potions of lignification
 t - a potion of might
 z - a potion of ambrosia
 G - 7 potions of attraction
 H - 5 potions of invisibility
 X - a potion of enlightenment


   Skills:
 O Level 27 Fighting
 - Level 18.8(20.0) Axes
 - Level 11.7(16.6) Maces & Flails
 + Level 17.3 Throwing
 O Level 27 Armour
 O Level 27 Dodging
 - Level 5.7 Evocations


You had 24 spell levels left.
You didn't know any spells.
Your spell library was empty.

Dungeon Overview and Level Annotations

Branches:
Dungeon (15/15)            Temple (0/1) D:5            Lair (5/5) D:8
  Swamp (4/4) Lair:2        Snake (4/4) Lair:2        Slime (0/5) Lair:5
    Orc (2/2) D:11            Elf (0/3) Orc:2        Vaults (5/5) D:14
  Crypt (0/3) Vaults:3     Depths (4/4) D:15            Zot (5/5) Depths:4
  Sewer (visited)

Altars:
Gozag
Kikubaaqudgha
Makhleb
Nemelex Xobeh
Qazlal
Sif Muna
Trog
Wu Jian
Xom
Yredelemnul
The Shining One
Jiyva

Shops:
D:4 *   D:10 [*   Orc:2 *=[:   Snake:1 ([   Snake:3 ::=   Snake:4 ([[
Vaults:3 ([   Vaults:5 ?   Depths:1 :?[[!   Depths:3 (?*:

Portals:
Hell: Depths:1 Depths:2 Depths:3
Abyss: Depths:1 Depths:3 Depths:4
Pandemonium: Depths:2 Depths:4
Ziggurat: Depths:3
Trove: Vaults:3 (give +6 demon blade)

Annotations:
D:14 1 runed translucent door, Laowois's ghost, journeyman MiBe
Lair:5 1 runed translucent door
Swamp:2 Roxanne


Innate Abilities, Weirdness & Mutations

You have a pair of horns on your head.
You reflexively headbutt those who attack you in melee.
Armour fits poorly on your strangely shaped body.
Your spells are a little easier to cast, but a little less powerful.
Your health recovers twice as slowly from being drained.


Message History

You headbutt the moth of wrath!
You kill the moth of wrath!
The moth of wrath's corpse disappears in a puff of smoke!
The golden dragon misses you. x2
The golden dragon tramples you but does no damage.
You slice the demonspawn blood saint!!
You headbutt the demonspawn blood saint.
You kill the demonspawn blood saint!
Trog accepts your kill.
You slash the golden dragon! You slice the demonspawn corrupter!!
The demonspawn corrupter invokes the aid of Lugonu against you.
The golden dragon barely misses you. The golden dragon claws you.
The golden dragon barely misses you.
You slice the demonspawn corrupter!!
You kill the demonspawn corrupter!
Trog accepts your kill.
The moth of wrath disappears in a puff of smoke!
The golden dragon disappears in a puff of smoke!
You slice the blizzard demon!! The blizzard demon closely misses you.
The blizzard demon completely misses you.
You hit the blizzard demon.
The blizzard demon is heavily wounded.
You chop the blizzard demon into pieces!!!
You kill the blizzard demon!
Trog accepts your kill.
Things that are here:
a +0 dagger; a +2 robe HP restored.
An Orb Guardian comes into view.
The Orb Guardian closely misses you. You furiously retaliate!
You headbutt the Orb Guardian!!
You open the Orb Guardian like a pillowcase!!!
You headbutt the Orb Guardian!
You kill the Orb Guardian!
Trog accepts your kill.
No target in view!
No target in view!
There is a staircase leading out of the dungeon here.
There are no items here.
You have escaped!

..##.#...≈≈≈#~~...~≈#≈≈≈...# #.
..#....~~.~~≈#≈...~#≈~~.~~.#####.
......#≈~≈.≈≈#≈~.~~#≈≈.~~~#......
.......#≈~≈.~≈#~.~#≈~.~~≈#.######
.....##~#≈≈~.≈#≈.~#≈.≈≈≈#~.# ##
###.###≈≈##~~.≈~.~~.~≈##≈≈.# #.
#.# ##≈≈≈##≈.#.#.≈##≈≈≈#.# #. #.#
###≈~~~#.#.#~~~~###.# #. #.#
#.......#@#.......#.# #. #.#
###~~~~#.#.#~~~~##### #. #.#
##≈≈≈##~.#.#.≈##≈≈≈## #. #.#
#≈≈##≈~.~~.≈≈.~~##≈≈# #. #.#
#≈#≈≈~.~#~.~#~.≈~≈#≈# ##.
#.####≈≈~.~≈#≈.~#≈~.≈≈≈## #..
#...#≈≈~.~≈#≈~.~≈#≈≈.~≈≈# #.#
###.#≈~.~~≈#≈#.#≈#≈≈~.≈≈# #.#
#....~≈≈#≈≈..#≈≈#≈≈~.## #.#


There were no monsters in sight!

Vanquished Creatures
  3 ancient liches
  2 orbs of fire
  Sojobo (Vaults:3)
  Vv (Depths:2)
  Bai Suzhen (Vaults:4)
  5 Killer Klowns (Zot:5)
  3 curse toes
  A caustic shrike (Depths:1)
  A pandemonium lord (D:12)
  The ghost of Farlane the Peltast, an adept HOMo of Beogh (Vaults:4)
  15 golden dragons
  A bone dragon (Depths:4)
  the Enchantress (Depths:4)
  3 electric golems
  3 Tzitzimimeh
  Jorgrun (Orc:2)
  A Hell Sentinel (Zot:4)
  23 Orb Guardians
  19 tentacled monstrosities
  An Ice Fiend (D:6)
  A walking frostbound tome (Depths:2)
  A deep elf master archer (Depths:2)
  2 titans (Vaults:5)
  4 liches
  5 Executioners
  9 death cobs
  12 sphinxes
  7 quicksilver dragons
  15 shadow dragons
  An ancient champion (Vaults:3)
  19 tengu reavers
  17 storm dragons
  Donald (Swamp:3)
  Kirke (D:12)
  Aizul (Snake:3)
  4 nagarajas
  3 draconian knights
  4 draconian monks
  10 protean progenitors
  7 fire giants
  2 iron dragons (shapeshifter) (Depths:2)
  9 frost giants
  A fenstrider witch (Swamp:1)
  4 draconian shifters
  8 balrugs
  A deep elf elementalist (Depths:2)
  10 draconian scorchers
  Louise (D:15)
  13 vault wardens
  19 ironbound preservers
  8 ghost moths
  3 spriggan defenders (Depths:4)
  9 draconian annihilators
  A demonspawn blood saint (D:1)
  2 orc warlords
  13 stone giants
  6 draconian stormcallers
  A demonspawn corrupter (D:1)
  2 formless jellyfish (Vaults:1)
  A very ugly thing (Vaults:5)
  Nessos (Orc:2)
  7 black draconians
  9 ironbound thunderhulks
  2 deep elf death magi
  7 green draconians
  A vampire knight (Depths:3)
  5 eleionomae
  2 deep elf demonologists
  5 deep elf annihilators
  11 purple draconians
  7 white draconians
  9 yellow draconians
  3 war gargoyles
  14 dire elephants
  7 red draconians
  3 bunyips
  3 spark wasps
  Azrael (D:13)
  7 blizzard demons
  A merfolk javelineer (Depths:1)
  Snorg (Orc:1)
  Josephine (Lair:5)
  A merfolk impaler (Depths:1)
  A fire dragon (Depths:1)
  A green death (D:12)
  A deep elf high priest (Vaults:5)
  16 ettins
  3 crystal guardians
  3 entropy weavers
  9 great orbs of eyes
  A hell beast (Zot:1)
  19 yaktaur captains
  40 vault guards
  17 hydras
  8 ice dragons
  3 rakshasas
  16 ironbound frosthearts
  An anaconda (shapeshifter) (Depths:2)
  11 anacondas
  3 ogre magi
  3 peacekeepers
  2 ghost crabs
  A radroach (Zot:1)
  3 salamander tyrants
  9 spriggan air magi
  2 boulder beetles
  A deep troll shaman (Depths:3)
  17 centaur warriors
  A jorogumo (shapeshifter) (Depths:2)
  A vampire mage (Depths:4)
  8 alligators
  5 two-headed ogres
  A dancing weapon (Depths:2)
  9 naga warriors
  3 tengu warriors
  Urug (D:13)
  An occultist (Depths:1)
  A storm dragon zombie (D:15)
  4 spriggan berserkers
  4 deep troll earth magi
  8 naga sharpshooters
  A shock serpent (shapeshifter) (Depths:2)
  12 shock serpents
  9 hell knights
  3 sun demons
  Sonja (D:13)
  6 soul eaters
  2 skysharks
  5 goliath frogs
  3 skeletal warriors (D:15)
  A fire crab (Lair:5)
  8 spriggan druids
  The ghost of Gobbopathe the Trooper, a novice OpSh of Wu Jian (D:6)
  A spark wasp zombie (D:15)
  A sun moth (Depths:2)
  57 deep trolls
  3 salamander mystics
  6 glowing orange brains
  3 bog bodies (Swamp:3)
  15 mana vipers
  A mana viper (shapeshifter) (Depths:2)
  3 flayed ghosts
  10 lindwurms
  4 naga ritualists
  22 ironbound convokers
  10 arcanists
  9 orc knights
  10 harpies
  The ghost of Suckerboh the Cleaver, a novice HORe of Beogh (D:5)
  14 swamp dragons
  3 stone giant zombies
  3 phantasmal warriors
  A wolf spider (shapeshifter) (Depths:2)
  An orb spider (shapeshifter) (Depths:2)
  3 shining eyes (Zot:1)
  11 ugly things
  9 necromancers
  2 orc sorcerers (Orc:2)
  16 salamanders
  A will-o-the-wisp (Swamp:3)
  4 cyclopes
  3 manticores
  A stone giant skeleton (Vaults:1)
  25 moths of wrath
  3 meliai (D:14)
  Maurice (D:7)
  20 elephants
  6 kobold blastminers (Orc:2)
  An eye of devastation (shapeshifter) (Vaults:1)
  7 guardian serpents
  19 vault sentinels
  15 naga magi
  7 cane toads
  29 black mambas
  An elf zombie (Vaults:3)
  4 smoke demons
  Maggie (D:7)
  6 orange demons (D:13)
  3 gargoyles
  2 kobold demonologists (D:11)
  2 efreet
  An unseen horror (D:11)
  2 freezing wraiths (Vaults:5)
  33 yaktaurs
  6 rime drakes
  6 tengu conjurers
  A human skeleton (Vaults:3)
  12 komodo dragons
  10 trolls
  2 red devils (D:13)
  4 polar bears
  A merfolk (shapeshifter) (Depths:2)
  A hellwing (Depths:4)
  6 tyrant leeches
  8 blink frogs
  15 hornets
  A tengu simulacrum (Vaults:3)
  3 glass eyes
  9 dream sheep
  52 slime creatures
  A slime creature (shapeshifter) (Depths:2)
  42 yaks
  A ynoxinul (Zot:5)
  A shadow (D:12)
  27 spriggans
  6 wyverns
  8 wraiths
  2 fire elementals (D:13)
  8 water elementals
  7 hogs (D:12)
  3 basilisks
  A human (shapeshifter) (D:15)
  3 wargs
  A steam dragon (D:10)
  18 vampire mosquitoes
  12 water moccasins
  11 swamp worms
  A swamp worm (shapeshifter) (Depths:1)
  21 nagas
  An acid dragon (D:12)
  4 hell hounds
  9 orc warriors
  A meliai simulacrum (D:15)
  2 swamp drakes
  2 ettin simulacra (Vaults:3)
  3 ice beasts
  8 black bears
  6 boggarts
  16 ogres
  22 wolves
  6 centaurs
  3 phantoms
  3 kobold brigands
  2 human zombies (Vaults:3)
  Blork the orc (D:6)
  5 bullfrogs
  2 gnoll sergeants
  3 scorpions
  4 wights (D:9)
  12 killer bees
  13 electric eels
  7 howler monkeys
  7 jellies
  A quasit (D:8)
  2 hounds
  A water moccasin simulacrum (D:5)
  A gnoll bouda (D:6)
  14 orc priests
  5 iguanas
  3 sleepcaps
  2 hell rats (Lair:1)
  12 orc wizards
  A bullfrog simulacrum (D:5)
  2 centaur simulacra (D:5)
  23 gnolls
  10 adders
  11 river rats (Lair:1)
  3 white imps (D:7)
  3 ufetubi
  8 dart slugs
  3 ribbon worms
  32 orcs
  14 endoplasms
  11 giant cockroaches
  8 goblins
  4 hobgoblins
  2 jackals (D:2)
  16 kobolds
  2 quokkas
  13 ball pythons
  8 bats
  13 frilled lizards
  2 goblin skeletons (D:8)
  A goblin zombie (D:8)
  4 hobgoblin zombies (D:8)
  2 kobold skeletons (D:8)
  2 kobold zombies (D:8)
  An orc skeleton (D:8)
  9 rats
  2 aspiring fleshes
  2 spectral weapons (Vaults:4)
1845 creatures vanquished.

Vanquished Creatures (collateral kills)
  A dread lich (Vaults:4)
  4 Orb Guardians (Zot:5)
  A sphinx (Vaults:4)
  A tengu reaver (Vaults:4)
  A draconian scorcher (Zot:5)
  A formless jellyfish (Vaults:1)
  An ironbound preserver (Vaults:4)
  An entropy weaver (Vaults:1)
  A yaktaur captain (Vaults:5)
  3 vault guards (Vaults:4)
  A deep elf high priest (Vaults:1)
  2 hydras
  An ironbound frostheart (Vaults:4)
  An ogre mage (Orc:2)
  A centaur warrior (D:13)
  6 two-headed ogres
  2 swamp dragons (Swamp:4)
  4 deep trolls (Vaults:4)
  An arcanist (Vaults:1)
  3 lindwurms
  An ugly thing (Vaults:4)
  A wolf spider (Vaults:5)
  A cyclops (Orc:2)
  4 salamanders (Snake:4)
  A manticore (D:12)
  A guardian serpent (Snake:4)
  2 vault sentinels (Vaults:1)
  A yaktaur (Vaults:3)
  A troll (Orc:2)
  A blink frog (Lair:2)
  A slime creature (D:12)
  A spriggan (Depths:4)
  A shadow (D:10)
  7 yaks
  4 vampire mosquitoes (D:12)
  A swamp drake (Swamp:4)
  An orc warrior (Orc:2)
  6 ogres (Orc:2)
  6 kobolds (D:10)
79 creatures vanquished.

Vanquished Creatures (others)
  A black mamba (Snake:4)
  3 bloated husks
  A hornet (Swamp:1)
  A spriggan (Swamp:1)
  An orc warrior (D:7)
  A hound (D:7)
  4 foxfires (Swamp:3)
12 creatures vanquished.

Grand Total: 1936 creatures vanquished

Notes
Turn   | Place    | Note
-------+----------+-------------------------------------------
     0 | D:1      | lugworm the Minotaur Berserker began the quest for the Orb.
     0 | D:1      | Reached XP level 1. HP: 19/19 MP: 0/0
   388 | D:1      | Reached XP level 2. HP: 24/27 MP: 1/1
   608 | D:1      | Found a faded altar of an unknown god.
   672 | D:1      | Reached skill level 1 in Maces & Flails
   942 | D:2      | Reached XP level 3. HP: 27/33 MP: 2/2
  1240 | D:2      | Reached ** piety under Trog
  1632 | D:2      | Reached XP level 4. HP: 36/41 MP: 3/3
  2276 | D:3      | Reached XP level 5. HP: 34/47 MP: 4/4
  2807 | D:3      | Found a bloodstained altar of Trog.
  2975 | D:4      | Noticed a phantom
  2988 | D:4      | Killed a phantom
  2989 | D:4      | Reached skill level 5 in Fighting
  2989 | D:4      | Reached skill level 5 in Axes
  2989 | D:4      | Reached XP level 6. HP: 44/56 MP: 5/5
  2997 | D:4      | Found Kiyr's Gadget Gallery.
  3471 | D:4      | Found a glowing drain.
  3511 | Sewer    | Entered a sewer
  3516 | Sewer    | Reached XP level 7. HP: 55/62 MP: 6/6
  3569 | Sewer    | Reached *** piety under Trog
  3884 | D:4      | Found an opulent altar of Gozag.
  3889 | D:4      | Found an opulent altar of Gozag.
  3894 | D:4      | Found an opulent altar of Gozag.
  3903 | D:4      | Found an opulent altar of Gozag.
  4331 | D:4      | Bought a wand of mindburst (12) for 168 gold pieces
  4363 | D:5      | Entered Level 5 of the Dungeon
  4404 | D:5      | Reached **** piety under Trog
  4424 | D:5      | Found a runed translucent gate.
  4424 | D:5      | Found a runed translucent gate.
  4424 | D:5      | Found a runed translucent gate.
  4489 | D:5      | Noticed Suckerboh's ghost (novice HORe)
  4784 | D:5      | Reached XP level 8. HP: 70/71 MP: 7/7
  4843 | D:5      | Reached skill level 1 in Evocations
  4898 | D:5      | Found a staircase to the Ecumenical Temple.
  4916 | D:5      | Reached skill level 5 in Armour
  5597 | D:6      | Found a large runed translucent door.
  5597 | D:6      | Found a large runed translucent door.
  5600 | D:6      | Noticed Gobbopathe's ghost (novice OpSh)
  5671 | D:6      | Found an ornate altar of the Wu Jian Council.
  5731 | D:6      | Noticed a hornet
  5742 | D:6      | Killed a hornet
  5922 | D:6      | Noticed Blork the orc
  5939 | D:6      | Killed Blork the orc
  5989 | D:6      | Reached skill level 5 in Dodging
  6326 | D:6      | Reached skill level 5 in Maces & Flails
  6368 | D:6      | Reached XP level 9. HP: 81/81 MP: 8/8
  6521 | D:6      | Killed Gobbopathe's ghost
  6565 | D:7      | Noticed Maggie
  6565 | D:7      | Noticed Maurice
  6583 | D:7      | Killed Maggie
  6618 | D:7      | Maurice stole a +6 ring of dexterity
  6624 | D:7      | Maurice stole 12 poisoned darts
  6627 | D:7      | Killed Maurice
  6836 | D:7      | Found a shimmering altar of Xom.
  7118 | D:7      | Found a stormy altar of Qazlal.
  7119 | D:7      | Found a shimmering blue altar of Sif Muna.
  7120 | D:7      | Found a burning altar of Makhleb.
  7120 | D:7      | Found a basalt altar of Yredelemnul.
  7178 | D:7      | Reached XP level 10. HP: 83/91 MP: 9/9
  7390 | D:8      | Found a glowing golden altar of the Shining One.
  7638 | D:8      | Reached ***** piety under Trog
  7843 | D:8      | Found a staircase to the Lair.
  7865 | D:8      | Reached skill level 10 in Fighting
  8539 | D:9      | Reached skill level 10 in Axes
 10237 | D:10     | Entered Level 10 of the Dungeon
 10811 | D:10     | Reached XP level 11. HP: 99/101 MP: 10/10
 10950 | D:10     | Found a sparkling altar of Nemelex Xobeh.
 11023 | D:10     | Noticed a two-headed ogre
 11042 | D:10     | Reached skill level 5 in Evocations
 11047 | D:10     | Killed a two-headed ogre
 11252 | D:10     | Found Arier's Changing Room.
 11348 | D:10     | Found Veiser's Antique Armour Shop.
 12019 | Lair:1   | Entered Level 1 of the Lair of Beasts
 13595 | Lair:2   | Found a staircase to the Swamp.
 13769 | Lair:2   | Noticed a skyshark
 13777 | Lair:2   | Killed a skyshark
 13861 | Lair:2   | Reached skill level 10 in Maces & Flails
 13873 | Lair:2   | Reached XP level 12. HP: 56/108 MP: 11/11
 14034 | Lair:2   | Reached skill level 15 in Axes
 14274 | Lair:2   | Found a staircase to the Snake Pit.
 14822 | Lair:2   | Noticed a seven-headed hydra
 14839 | Lair:2   | Killed a seven-headed hydra
 16430 | Lair:4   | Received a gift from Trog
 16768 | Lair:4   | Reached XP level 13. HP: 104/116 MP: 12/12
 16958 | Lair:4   | Found a stormy altar of Qazlal.
 18066 | Lair:5   | Entered Level 5 of the Lair of Beasts
 18380 | Lair:5   | Paralysed by a hornet for 3 turns
 18595 | Lair:5   | Reached skill level 10 in Armour
 18966 | Lair:5   | Received a gift from Trog
 19568 | Lair:5   | Found a runed translucent door.
 19569 | Lair:5   | Found a viscous altar of Jiyva.
 19571 | Lair:5   | Noticed an azure jelly
 19573 | Lair:5   | Noticed an azure jelly
 19621 | Lair:5   | Noticed Josephine
 19630 | Lair:5   | Killed Josephine
 19631 | Lair:5   | Reached XP level 14. HP: 129/129 MP: 13/13
 19853 | Lair:5   | Identified the amulet of Desuhonou {RegenMP Will- rCorr
                  | MP+9 Int+5}
 20069 | Lair:5   | Found a staircase to the Slime Pits.
 20070 | Lair:5   | Noticed an azure jelly
 21434 | D:11     | Found a staircase to the Orcish Mines.
 21920 | Orc:1    | Entered Level 1 of the Orcish Mines
 22544 | Orc:1    | Noticed Snorg
 22553 | Orc:1    | Killed Snorg
 22972 | Orc:2    | Entered Level 2 of the Orcish Mines
 22972 | Orc:2    | Noticed Nessos
 22977 | Orc:2    | Killed Nessos
 23312 | Orc:2    | Noticed Jorgrun
 23322 | Orc:2    | Killed Jorgrun
 23485 | Orc:2    | Found a staircase to the Elven Halls.
 23507 | Orc:2    | Found a bloodstained altar of Trog.
 23753 | Orc:2    | Reached skill level 15 in Fighting
 23764 | Orc:2    | Identified the +2 great mace "Zeagg" {heavy, Str+3 Dex+3}
                  | (Trog gifted it to you on level 2 of the Orcish Mines)
 23764 | Orc:2    | Received a gift from Trog
 24385 | Orc:2    | Found Qurot's Jewellery Boutique.
 24385 | Orc:2    | Found Joffit's General Store.
 24386 | Orc:2    | Found Sojiqum's Antique Armour Shoppe.
 24397 | Orc:2    | Found Pehuow's Book Shop.
 24424 | Orc:2    | Paralysed by an orc sorcerer for 5 turns
 24966 | D:10     | Bought a glowing crystal plate armour for 1992 gold pieces
 25052 | D:13     | Noticed Sonja
 25143 | D:13     | Killed Sonja
 25455 | D:13     | Reached XP level 15. HP: 128/144 MP: 14/14
 25569 | D:13     | Noticed Azrael
 26058 | D:12     | Noticed Kirke
 26063 | D:12     | Noticed a sphinx
 26139 | D:12     | Killed Kirke
 26140 | D:12     | Reached skill level 15 in Armour
 26746 | D:5      | Killed Suckerboh's ghost
 26987 | D:13     | Killed Azrael
 27340 | D:13     | Noticed Urug
 27352 | D:13     | Killed Urug
 28435 | D:14     | Received a gift from Trog
 28521 | D:14     | Found a runed translucent door.
 28521 | D:14     | Found a shimmering altar of Xom.
 28521 | D:14     | Noticed Laowois's ghost (journeyman MiBe)
 28910 | D:15     | Entered Level 15 of the Dungeon
 29043 | D:15     | Found a staircase to the Depths.
 29363 | D:15     | Identified the +0 tower shield of Infinity {SInv}
 29363 | D:15     | Noticed Louise
 29374 | D:15     | Killed Louise
 30745 | Orc:2    | Bought an amulet of reflection for 390 gold pieces
 30987 | Swamp:1  | Entered Level 1 of the Swamp
 31254 | Swamp:1  | Noticed a fenstrider witch
 31776 | Swamp:2  | Reached XP level 16. HP: 106/159 MP: 15/15
 32031 | Swamp:2  | Identified the granite talisman of Geceffyoka {Dex+2}
 32031 | Swamp:2  | Noticed Roxanne
 33115 | Swamp:1  | Paralysed by a fenstrider witch for 2 turns
 33729 | Swamp:1  | Received a gift from Trog
 34551 | Swamp:3  | Noticed Donald
 34567 | Swamp:3  | Killed Donald
 35206 | Swamp:3  | Identified the +9 long sword "Maxt" {vamp, +Blink Dex+3}
 35442 | Snake:1  | Entered Level 1 of the Snake Pit
 36543 | Snake:1  | Found Nerch's Antique Armour Shoppe.
 36543 | Snake:1  | Found Raiwaim's Weapon Emporium.
 36878 | Snake:1  | Identified a scroll of acquirement
 36882 | Snake:1  | Acquired 721 gold pieces
 38287 | Snake:1  | Bought a pair of twisted boots for 389 gold pieces
 38287 | Snake:1  | Identified the +2 pair of boots of the Gate {rC- Regen+
                  | Str+3 Dex+4} (You bought it in a shop on level 1 of the
                  | Snake Pit)
 38897 | Snake:3  | Acquired the +3 pair of gauntlets of War {Slay+5}
 38897 | Snake:3  | Found the +3 pair of gauntlets of War {Slay+5}
 39014 | Snake:3  | Reached XP level 17. HP: 171/172 MP: 1/16
 39515 | Snake:3  | Identified the serpent talisman of the Lute {Fly Will+
                  | Int+3 SInv}
 39515 | Snake:3  | Noticed Aizul
 39518 | Snake:3  | Found Ephamyen's Book Boutique.
 39529 | Snake:3  | Killed Aizul
 39575 | Snake:3  | Found Pirab's Jewellery Shoppe.
 39576 | Snake:3  | Found Tunaroec's Book Boutique.
 39583 | Snake:3  | Bought a ring of poison resistance for 260 gold pieces
 39722 | Snake:3  | Received a gift from Trog
 39970 | Snake:4  | Entered Level 4 of the Snake Pit
 40415 | Snake:4  | Found Raaciwk's Antique Armour Shop.
 40460 | Snake:4  | Found Jeit Cokh's Superior Scales.
 40554 | Snake:4  | Found Jisk's Weapon Emporium.
 41024 | Snake:4  | Got a serpentine rune of Zot
 41468 | Swamp:4  | Entered Level 4 of the Swamp
 42042 | Swamp:4  | Received a gift from Trog
 42128 | Swamp:4  | Got a decaying rune of Zot
 42176 | Swamp:4  | Reached XP level 18. HP: 184/184 MP: 17/17
 42505 | D:14     | Reached skill level 10 in Dodging
 42532 | D:14     | Found a gate to the Vaults.
 42617 | Vaults:1 | Entered Level 1 of the Vaults
 43013 | Vaults:1 | Received a gift from Trog
 43800 | Vaults:1 | Found a transporter.
 43805 | Vaults:1 | Found a transporter.
 44278 | Vaults:1 | Identified the ring "Uzowolem" {Wiz Will+++ Stlth+}
 44473 | Vaults:2 | Paralysed by a sphinx for 2 turns
 44515 | Vaults:2 | Reached XP level 19. HP: 195/195 MP: 18/18
 44619 | Vaults:2 | Reached ****** piety under Trog
 44832 | Vaults:2 | Received a gift from Trog
 44989 | Vaults:2 | Identified the +5 arbalest of Nytrimin {freeze, rElec rF-
                  | Int+3}
 45005 | Vaults:2 | Identified the +3 orcbow of the Cursing Messenger {freeze,
                  | Int+6}
 45260 | Vaults:2 | Identified the +1 leather armour of the Tick {^Drain rPois
                  | Will++ Str+3}
 45730 | Vaults:2 | Received a gift from Trog
 46218 | Vaults:3 | Found a portal to a secret trove of treasure.
 46322 | Vaults:3 | Noticed Sojobo
 46335 | Vaults:3 | Killed Sojobo
 46416 | Vaults:3 | Received a gift from Trog
 46437 | Vaults:3 | Found a staircase to the Crypt.
 46469 | Vaults:3 | Found Edghusta's Armour Shoppe.
 46475 | Vaults:3 | Reached skill level 1 in Throwing
 47045 | Vaults:3 | Reached XP level 20. HP: 203/207 MP: 19/19
 47093 | Vaults:3 | Found Ibily's Antique Weapon Shoppe.
 47360 | Vaults:3 | Received a gift from Trog
 47703 | Vaults:4 | Reached skill level 15 in Dodging
 47714 | Vaults:4 | Noticed Bai Suzhen
 47726 | Vaults:4 | Killed Bai Suzhen
 47790 | Vaults:4 | Reached skill level 5 in Throwing
 48133 | Vaults:4 | Found the +9 sword of Power {lifebolt}
 48574 | Vaults:4 | Found a runed translucent gate.
 48574 | Vaults:4 | Found a runed translucent gate.
 48574 | Vaults:4 | Found an ancient bone altar of Kikubaaqudgha.
 48574 | Vaults:4 | Found a runed translucent gate.
 48574 | Vaults:4 | Noticed Farlane's ghost (adept HOMo)
 48575 | Vaults:4 | Noticed a dread lich
 48584 | Vaults:4 | Killed a dread lich
 48591 | Vaults:4 | Killed Farlane's ghost
 48621 | Vaults:4 | Identified the amulet of Degoedusm {RegenMP rF++ Str+6
                  | Dex+2}
 48653 | Vaults:4 | Identified the +0 hat "Zytafig" {rPois rCorr Int+6 Slay+3}
 49295 | Vaults:4 | Identified the +1 battleaxe of the Hidden Seers {flame, Fly
                  | rN+} (Trog gifted it to you on level 4 of the Vaults)
 49295 | Vaults:4 | Received a gift from Trog
 49747 | Vaults:2 | Acquired 870 gold pieces
 49902 | Vaults:5 | Entered Level 5 of the Vaults
 49941 | Vaults:5 | Reached XP level 21. HP: 201/218 MP: 20/20
 50185 | Vaults:5 | Received a gift from Trog
 50299 | Vaults:5 | Found Humeymikeu's Magic Scroll Shoppe.
 50336 | Vaults:5 | Noticed a golden dragon
 50347 | Vaults:5 | Killed a golden dragon
 50433 | Vaults:5 | Noticed a golden dragon
 50440 | Vaults:5 | Killed a golden dragon
 50440 | Vaults:5 | Identified the +12 broad axe "Efoijiho" {flame, Str+3}
                  | (Trog gifted it to you on level 5 of the Vaults)
 50440 | Vaults:5 | Received a gift from Trog
 50520 | Vaults:5 | Paralysed by a sphinx for 4 turns
 50599 | Vaults:5 | Bought a scroll of teleportation for 51 gold pieces
 50599 | Vaults:5 | Bought a scroll of teleportation for 51 gold pieces
 50731 | Vaults:5 | Noticed an ancient lich
 50754 | Vaults:5 | Killed an ancient lich
 50961 | Vaults:5 | Got a silver rune of Zot
 51082 | Vaults:5 | Identified the ring of the Jolly Leylines {Fly Str+4}
 51165 | Vaults:5 | Identified the staff of Nis Mil {rF+ Str+3 Int+3 Fire}
 51791 | Snake:3  | Bought the ring "Huyg" {rElec rC- rCorr Int+6} for 514 gold
                  | pieces
 52046 | Depths:1 | Entered Level 1 of the Depths
 52046 | Depths:1 | Found Isuful's Antique Armour Boutique.
 52131 | Depths:1 | Noticed a caustic shrike
 52137 | Depths:1 | Killed a caustic shrike
 52158 | Depths:1 | Received a gift from Trog
 52170 | Depths:1 | Reached XP level 22. HP: 231/231 MP: 21/21
 52366 | Depths:1 | Found Culeme's Antique Armour Shoppe.
 52370 | Depths:1 | Found Mumeq's Distillery.
 52395 | Depths:1 | Bought a potion of haste for 160 gold pieces
 52395 | Depths:1 | Bought a potion of might for 64 gold pieces
 52416 | Depths:1 | Found a one-way gate to the infinite horrors of the Abyss.
 52666 | Orc:2    | Bought a glowing cloak for 270 gold pieces
 52922 | Depths:2 | Noticed Vv
 52925 | Depths:2 | Identified the staff of the Puffball {rC+ SInv Fire Ice}
 52996 | Depths:2 | Killed Vv
 53033 | Depths:1 | Found a gateway to Hell.
 53067 | Depths:1 | Found Jipiqomn's Magic Scroll Shoppe.
 53077 | Depths:1 | Bought a scroll of fear for 80 gold pieces
 53077 | Depths:1 | Bought a scroll of fog for 80 gold pieces
 53077 | Depths:1 | Bought a scroll of fog for 80 gold pieces
 53115 | Depths:1 | Found Igesaorch's Book Emporium.
 53678 | Depths:2 | Received a gift from Trog
 53810 | Depths:2 | Found the ring of the Octopus King {Wiz HP+2 AC+2 EV+2
                  | SH+2}
 54136 | Depths:2 | Found a one-way gate leading to the halls of Pandemonium.
 54469 | Depths:2 | Reached skill level 27 in Fighting
 54895 | Depths:3 | Found Qinkets's Book Boutique.
 54898 | Depths:3 | Found Amyluhoelu's Assorted Antiques.
 55006 | Depths:3 | Found Tiyt's Magic Scroll Emporium.
 55018 | Depths:3 | Received a gift from Trog
 55024 | Depths:3 | Bought a scroll of blinking for 105 gold pieces
 55024 | Depths:3 | Bought a scroll of blinking for 105 gold pieces
 55151 | Depths:3 | Found a one-way gateway to a ziggurat.
 55162 | Depths:3 | Acquired a manual of Dodging
 55167 | Depths:3 | Found Zalinnen's Antique Weapon Shop.
 55484 | Depths:4 | Entered Level 4 of the Depths
 55486 | Depths:4 | Noticed a golden dragon
 55503 | Depths:4 | Killed a golden dragon
 55706 | Depths:4 | Noticed the Enchantress
 55718 | Depths:4 | Killed the Enchantress
 55994 | Depths:4 | Reached skill level 27 in Armour
 56002 | Depths:4 | Reached XP level 23. HP: 234/240 MP: 22/22
 56282 | Depths:4 | Found a gate to the Realm of Zot.
 56386 | Depths:4 | Found an ornate altar of the Wu Jian Council.
 56465 | Depths:4 | Identified the +4 broad axe of Zyxt {flame, rN+} (Trog
                  | gifted it to you on level 4 of the Depths)
 56465 | Depths:4 | Received a gift from Trog
 56843 | Zot:1    | Entered Level 1 of the Realm of Zot
 57580 | Zot:1    | Identified the +6 falchion of Gozag, Lusting {protect,
                  | Dex+3}
 57787 | Zot:1    | Received a gift from Trog
 58055 | Zot:1    | Noticed a curse toe
 58061 | Zot:1    | Killed a curse toe
 58273 | Zot:1    | Gained mutation: Armour fits poorly on your strangely
                  | shaped body. [a shining eye]
 58274 | Zot:1    | Gained mutation: You are clumsy. (Dex -2) [a shining eye]
 58281 | Zot:1    | Lost mutation: Armour fits poorly on your strangely shaped
                  | body. [potion of mutation]
 58281 | Zot:1    | Lost mutation: You are clumsy. (Dex -2) [potion of
                  | mutation]
 58281 | Zot:1    | Gained mutation: Your spells are a little easier to cast,
                  | but a little less powerful. [potion of mutation]
 58281 | Zot:1    | Gained mutation: Your health recovers twice as slowly from
                  | being drained. [potion of mutation]
 58810 | Zot:2    | Noticed an orb of fire
 58829 | Zot:2    | Killed an orb of fire
 58872 | Zot:2    | Received a gift from Trog
 59445 | Zot:2    | Reached XP level 24. HP: 239/239 MP: 22/22
 60354 | Zot:3    | Reached skill level 10 in Throwing
 60976 | Zot:4    | Received a gift from Trog
 61503 | Zot:4    | Received a gift from Trog
 61504 | Zot:4    | Reached skill level 27 in Dodging
 61694 | Zot:4    | Identified the +0 chain mail of the Arcane {Fly rF+}
 61782 | Zot:5    | Entered Level 5 of the Realm of Zot
 61955 | Zot:5    | Noticed an ancient lich
 61976 | Zot:5    | Killed an ancient lich
 62028 | Zot:5    | Noticed a Killer Klown
 62037 | Zot:5    | Noticed an orb of fire
 62047 | Zot:5    | Killed a Killer Klown
 62047 | Zot:5    | Gained mutation: Armour fits poorly on your strangely
                  | shaped body. [an orb of fire]
 62048 | Zot:5    | Killed an orb of fire
 62050 | Zot:5    | Noticed a Killer Klown
 62059 | Zot:5    | Killed a Killer Klown
 62064 | Zot:5    | Reached XP level 25. HP: 234/252 MP: 22/22
 62106 | Zot:5    | Noticed a Killer Klown
 62111 | Zot:5    | Noticed a Killer Klown
 62113 | Zot:5    | Reached skill level 15 in Throwing
 62116 | Zot:5    | Killed a Killer Klown
 62124 | Zot:5    | Killed a Killer Klown
 62134 | Zot:5    | Noticed an ancient lich
 62153 | Zot:5    | Killed an ancient lich
 62162 | Zot:5    | Noticed a Killer Klown
 62163 | Zot:5    | Got the Orb of Zot
 62178 | Zot:5    | Killed a Killer Klown
 62536 | D:12     | Noticed Anuje the pandemonium lord
 62552 | D:12     | Killed Anuje the pandemonium lord
 62844 | D:$      | Escaped with the Orb!

Illustrated notes

Levels and vault maps discovered:
D:1:      spicycebolla_arrival_xxxplode, layout_loops_corners,
          hellmonk_ecumenical_altar_inner_sanctum, corexii_hall_statues_s
D:2:      layout_loops_cross, minmay_close_crescents
D:3:      layout_basic, lemuel_doored_altar
D:4:      layout_cave_pods, nicolae_gozag_conspicuous_consumption,
          cheibrodos_sewer_entry_bend, nicolae_shop_gadgets
D:5:      layout_basic, temple_pool_b, gammafunk_ghost_icy
D:6:      layout_basic, mainiacjoe_overflow_tiny_flanked,
          ebering_ghost_disaster_area, uniq_blork_the_orc
D:7:      layout_loops_ring, mainiacjoe_overflow_alcove_3, xom_confusion_cloud,
          chequers_serial_rivers_large_a, uniq_maurice, uniq_crazy_yiuf_cottage,
          uniq_maggie
D:8:      layout_rooms, nicolae_tso_besieged_by_evil, david_lair_generic
D:9:      minmay_spotlight, layout_basic
D:10:     layout_loops_ring, nicolae_overflow_hidden_temple, serial_shops, shop,
          grunt_ministairs_10, nicolae_transmutations_shop
D:11:     erik_rubicon_b, layout_long_grid, orc_0_dummy, kennysheep_boxes
D:12:     layout_gridville, uniq_kirke
D:13:     layout_roguey, minmay_beelzebubs_servants, uniq_urug, uniq_sonja,
          uniq_azrael
D:14:     layout_cave_pools, grunt_vaults_entry_fortified, ebering_ghost_xom,
          hangedman_abyss_or_decor_passed, kb_rosetta
D:15:     gammafunk_depths_entry_grave, layout_loops_ring, serial_bayou,
          serial_bayou_crossing, serial_bayou_shore_a, serial_bayou_shore_b,
          serial_bayou_pond_c, serial_bayou_pond_e, serial_bayou_lake_a,
          uniq_louise
Lair:1:   layout_gridlike, kennysheep_rathole, lemuel_fruit_tree,
          grunt_megastairs_5
Lair:2:   layout_long_grid, minmay_swamp_entry_swarm, dummy_snake_entry,
          guppyfry_lair_drakes, grunt_megastairs_3, lemuel_fruit_fields,
          infiniplex_staircase_pool
Lair:3:   layout_chaotic_city, grunt_forest_stairs_clearing
Lair:4:   layout_hall_layers, basic_altar
Lair:5:   minmay_lair_end_enchanted_forest, layout_gridlike, slime_entry_2,
          uniq_josephine
Swamp:1:  layout_basic_swamp, evilmike_swamp_ruin_house_2
Swamp:2:  layout_basic_swamp, evilmike_swamp_ruin_rubble_2,
          infiniplex_staircase_pool_2, uniq_roxanne
Swamp:3:  layout_falls_marsh, nicolae_swamp_small_spring, uniq_donald
Swamp:4:  swamp_alternative, layout_basic_swamp, ebering_ghost_inner_flame
Snake:1:  layout_gridlike, nrook_guardian_serpent_ordinary, minmay_shoptagon
Snake:2:  layout_grid_shapes, grunt_ministairs_7, nicolae_large_snake_swirl
Snake:3:  layout_grid_maze, minmay_shop_grove, uniq_aizul
Snake:4:  snake_pit_salamanders_mu, layout_cave_town, serial_shops,
          nicolae_shop_tiny_glass, nicolae_shop_just_a_little_nook, st_stairs_1,
          nicolae_snake_slithery_hallway, hellmonk_scale_shop
Orc:1:    layout_diamond_mine, uniq_snorg
Orc:2:    st_orc_open, layout_caves, david_defended_altar_orc, uniq_nessos,
          uniq_jorgrun
Vaults:1: nicolae_vaults_cochlea, nicolae_vaults_little_squares_4,
          ontoclasm_vaults_ring_small, nicolae_vaults_alarming,
          nicolae_vaults_more_shelving_1, nicolae_vaults_mitosis,
          gammafunk_the_bubble [the_bubble_gammafunk_crates],
          nicolae_vaults_sealed_display, vaults_mumra_hexcomb,
          nicolae_vaults_little_squares_4, v_misc_3, ontoclasm_vaults_tryst,
          nicolae_vaults_trapezoid_2, layout_vaults_maze
Vaults:2: nicolae_vaults_network_periphery, st_smaller_cells, v_pattern_3,
          v_misc_27, nicolae_vaults_stepped_doors, grunt_vaults_funnel,
          nicolae_vaults_storage_closets_2, nicolae_vaults_trapezoid_lopsided_3,
          layout_vaults_omnicross
Vaults:3: vaults_room_octagon, grunt_vaults_bifocal,
          minmay_crypt_entry_simple_sparse, nicolae_vaults_oval_intersection,
          v_misc_8, nicolae_vaults_taking_the_gang_shopping,
          nicolae_vaults_security_offices_1, v_rooms_1, ontoclasm_vaults_chip,
          vaults_room_corners, layout_vaults_ring, serial_shops,
          nicolae_shop_window_shopping, enter_trove_2, uniq_sojobo
Vaults:4: gammafunk_ghost_crypt, minmay_guarded_unrand_sword_of_power,
          nicolae_vaults_closet_pinwheel_4, nicolae_vaults_diagonal_hallway_7,
          serial_ice_g, nicolae_vaults_closet_pinwheel_6,
          nicolae_vaults_closet_pinwheel_5, v_misc_32, ontoclasm_vaults_gateway,
          layout_vaults_omnigrid, uniq_bai_suzhen
Vaults:5: serial_shops
Depths:1: layout_cave_pools, serial_shops, nicolae_shop_peninsula, shop, shop,
          nicolae_shop_industrial_runoff, shop_fountains,
          hangedman_abyss_entry_splay, hell_entry, st_stairs_5,
          kennysheep_another_room, chequers_big_river,
          minmay_hollow_rounded_squares
Depths:2: hangedman_crystal_crosses_colossus [crystal_crosses_arms_four,
          crystal_crosses_arms_one, crystal_crosses_arms_one], pan_entry,
          hell_entry, uniq_vv
Depths:3: minmay_expanding_squares, layout_cave_shapes, enter_ziggurat_b,
          serial_shops, nicolae_shop_back_alley_shop, shop, shop, shop,
          nicolae_shop_stone, hellmouth_3, abyss_entry, uniq_josephina,
          uniq_margery
Depths:4: grunt_zot_entry_gee_three, layout_basic, abyss_entry, pan_entry,
          hellmouth_1, hex_tiny, nicolae_wu_jian_glorious_leap, uniq_enchantress
Zot:1:    regret_index_zot_pan_timeshare, layout_cathedral_of_symmetry,
          st_stairs_6
Zot:2:    layout_cathedral_of_symmetry, grunt_megastairs_4
Zot:3:    nicolae_zot_stationary_front, layout_basic
Zot:4:    kennysheep_oblong_rooms, layout_onion
Zot:5:    layout_gridlike, grunt_ministairs_10

Skill      XL: |  1  2  3  4  5  6  7  8  9 10 11 12 13 14 15 16 17 18 19 20 21 22 23 24 25 |
---------------+----------------------------------------------------------------------------+-----
Fighting       | 4 5 6 8 9 10 11 13 16 18 20 22 23 24 25 26 27 | 27.0
Axes           | 4 5 6 8 9 11 14 16 18 | 18.8
Maces & Flails | 1 2 3 4 5 6 7 10 11 | 11.7
Armour         | 3 4 5 6 7 8 11 14 17 19 21 22 23 24 25 27 | 27.0
Dodging        | 3 4 5 6 9 12 14 16 17 20 25 27 | 27.0
Evocations     | 2 3 4 5 |  5.7
Throwing       | 2 6 9 14 17 | 17.3

Action                     |  1- 3 |  4- 6 |  7- 9 | 10-12 | 13-15 | 16-18 | 19-21 | 22-24 | 25-27 || total
---------------------------+-------+-------+-------+-------+-------+-------+-------+-------+-------++-------
  Melee: Hand axe          |    64 |   114 |   317 |   188 |       |       |       |       |       ||   683
         Headbutt          |    11 |    20 |    61 |   105 |   178 |   229 |   277 |   392 |    43 ||  1316
         Punch             |       |       |     2 |     5 |       |       |       |       |       ||     7
         Battleaxe         |       |       |       |   308 |   796 |   936 |   931 |  1119 |   121 ||  4211
  Throw: Dart              |       |     2 |       |       |       |       |       |       |       ||     2
         Boomerang         |       |       |       |       |     1 |       |       |       |       ||     1
 Invoke: Berserk           |       |     3 |     6 |     4 |     7 |    12 |     6 |     3 |     1 ||    42
         Trog's Hand       |       |       |     2 |     1 |     5 |     6 |     6 |     4 |     8 ||    32
         Brothers in Arms  |       |       |       |     3 |     7 |     5 |     5 |     3 |     3 ||    26
  Evoke: Wand              |       |       |     2 |     8 |    15 |    11 |       |       |     2 ||    38
    Use: Scroll            |       |     6 |     5 |     8 |    21 |    16 |     6 |    12 |     3 ||    77
         Potion            |       |     1 |     2 |       |    15 |     8 |     2 |     6 |    11 ||    45
   Stab: Paralysed         |       |       |       |       |     2 |     3 |       |       |       ||     5
         Invisible         |       |       |       |       |       |     6 |       |       |       ||     6
         Distracted        |       |       |       |       |       |     2 |     2 |     2 |       ||     6
 Armour: Animal skin       |    38 |    18 |       |       |       |       |       |       |       ||    56
         Ring mail         |       |    62 |    43 |       |       |       |       |       |       ||   105
         Chain mail        |       |       |   166 |   363 |     4 |       |       |       |       ||   533
         Plate armour      |       |       |       |       |   336 |       |       |       |       ||   336
         Crystal plate arm |       |       |       |       |   371 |  1221 |  1004 |  1258 |   144 ||  3998
         Skin              |       |       |       |       |    15 |       |       |       |       ||    15
  Dodge: Dodged            |    40 |    69 |   195 |   257 |   569 |   591 |   560 |   954 |   131 ||  3366
  Block: Other             |       |       |       |       |       |    17 |       |       |       ||    17
